Map: Monte Asper

Players

Qualseb

  • Race: Protoss Protoss

Butcha

  • Race: Terran Terran

RedScare

  • Race: Zerg Zerg

Jhyrachy

  • Race: Zerg Zerg
  • League: Gold

kinesys

  • Race: Terran Terran
  • League: Bronze

Nooby

  • Race: Terran Terran

Fryk

  • Race: Protoss Protoss

Drako

  • Race: Terran Terran

VOD

Have the link to the VOD?

Description

Time

  • Played on: May 10, 2016, 4:20 p.m.
  • Length: 17:09
Show
View Real Time Build Order
Export as new Build Order

Qualseb Protoss 

Build Orders:  

Get SALT Encoding   

  12  0:03  Probe (Chrono Boost)  
  13  0:14  Probe (Chrono Boost)  
  14  0:24  Probe (Chrono Boost), Pylon  
  15  0:42  Probe (Chrono Boost)  
  16  0:53  Forge  
  16  1:58  Photon Cannon  
  16  2:02  Photon Cannon  
  16  2:09  Gateway  
  16  2:33  Nexus  
  16  2:37  Pylon  
  16  2:42  Assimilator  
  16  2:45  Assimilator, Probe (Chrono Boost)  
  17  2:57  Assimilator  
  17  3:02  Cybernetics Core  
  17  3:07  Assimilator  
  17  3:15  Probe (Chrono Boost)  
  18  3:25  Probe (Chrono Boost)  
  19  3:36  Probe (Chrono Boost)  
  20  3:47  Probe (Chrono Boost)  
  21  3:49  Probe (Chrono Boost)  
  21  3:50  Stargate  
  22  3:57  Probe (Chrono Boost)  
  22  4:00  Probe (Chrono Boost)  
  24  4:08  Probe (Chrono Boost)  
  25  4:10  Probe (Chrono Boost)  
  26  4:18  Probe (Chrono Boost)  
  27  4:26  Probe (Chrono Boost)  
  28  4:35  Fleet Beacon  
  28  4:38  Probe (Chrono Boost)  
  29  4:48  Stargate, Probe (Chrono Boost)  
  30  4:55  Probe (Chrono Boost)  
  30  4:59  Probe (Chrono Boost)  
  32  5:05  Probe (Chrono Boost)  
  33  5:09  Probe (Chrono Boost)  
  34  5:16  Probe (Chrono Boost)  
  34  5:20  Probe (Chrono Boost)  
  36  5:26  Probe (Chrono Boost)  
  37  5:30  Probe (Chrono Boost)  
  37  5:32  Carrier (Chrono Boost)  
  44  5:41  Anion Pulse-Crystals  
  44  5:55  Pylon  
  44  5:59  Pylon  
  44  6:04  Pylon  
  44  6:08  Pylon  
  44  6:15  Stargate, Carrier (Chrono Boost)  
  50  6:39  Protoss Air Weapons Level 1  
  50  6:41  Probe  
  51  6:48  Graviton Catapult  
  51  6:54  Probe  
  58  6:55  Carrier (Chrono Boost)  
  58  7:06  Probe  
  65  7:18  Probe  
  65  7:20  Carrier (Chrono Boost)  
  66  7:29  Carrier (Chrono Boost)  
  72  7:30  Probe  
  73  7:42  Probe  
  74  7:54  Probe  
  74  8:44  Photon Cannon  
  74  8:45  Photon Cannon  
  74  8:51  Protoss Air Armor Level 1 (Chrono Boost)  
  74  8:57  Pylon  
  74  8:59  Pylon  
  74  9:00  Pylon  
  74  9:02  Pylon  
  74  9:03  Protoss Shields Level 1  
  74  9:04  Pylon  
  74  9:06  Pylon  
  74  9:07  Carrier (Chrono Boost)  
  74  9:16  Carrier (Chrono Boost)  
  86  9:25  Carrier  
  86  10:18  Carrier  
  92  10:41  Carrier  
  92  10:51  Carrier  
  98  11:05  Nexus  
  98  11:14  Protoss Air Weapons Level 2 (Chrono Boost)  
  94  11:33  Carrier  
  94  11:39  Pylon  
  94  11:42  Pylon  
  94  11:44  Pylon  
  94  11:46  Pylon  
  100  12:00  Photon Cannon  
  100  12:01  Photon Cannon  
  100  12:03  Photon Cannon  
  100  12:05  Photon Cannon  
  100  12:06  Photon Cannon, Carrier  
  100  12:08  Photon Cannon x2  
  106  12:11  Photon Cannon  
  106  12:13  Photon Cannon  
  100  13:26  Protoss Air Armor Level 2 (Chrono Boost)  
  100  13:28  Assimilator  
  100  13:29  Probe  
  100  13:32  Assimilator  
  101  13:38  Carrier x2 (Chrono Boost)  
  119  13:41  Probe  
  120  13:51  Carrier (Chrono Boost)  
  120  13:53  Probe  
  121  14:04  Mothership Core  
  121  14:05  Probe  
  124  14:17  Probe  
  131  14:43  Cybernetics Core  
  131  14:56  Photon Cannon  
  131  14:57  Photon Cannon  
  131  14:58  Photon Cannon  
  131  15:11  Photon Cannon  
  131  15:13  Photon Cannon  
  131  15:23  Carrier (Chrono Boost)  
  143  15:29  Carrier (Chrono Boost)  
Show
View Real Time Build Order
Export as new Build Order

Butcha Terran 

Build Orders:  

Get SALT Encoding   

  12  0:01  SCV  
  13  0:14  SCV  
  14  0:20  Supply Depot  
  14  0:29  SCV  
  15  0:41  SCV  
  16  0:43  Barracks  
  16  1:14  Command Center  
  16  1:21  SCV  
  17  1:28  Refinery  
  17  1:33  SCV  
  18  1:41  Supply Depot  
  18  1:43  Marine  
  18  1:45  SCV  
  20  1:56  Refinery  
  20  1:57  SCV  
  21  2:01  Marine  
  22  2:09  SCV  
  23  2:21  SCV  
  24  2:33  SCV  
  25  2:37  Marine  
  26  2:55  Marine  
  27  3:00  SCV  
  27  3:04  Refinery  
  27  3:05  Orbital Command  
  28  3:12  Marine, SCV  
  29  3:13  Factory  
  30  3:24  SCV  
  31  3:30  Marine  
  32  3:34  Refinery  
  32  3:36  SCV  
  33  3:41  SCV  
  33  3:48  Marine, SCV  
  35  3:54  SCV  
  37  4:00  SCV  
  38  4:04  Starport, Factory Tech Lab  
  38  4:06  Marine, SCV  
  40  4:12  SCV  
  41  4:18  SCV  
  42  4:24  SCV  
  42  4:26  Supply Depot  
  42  4:30  SCV  
  44  4:32  Engineering Bay  
  44  4:37  SCV  
  45  4:47  Siege Tank  
  45  4:49  Supply Depot, SCV  
  49  5:07  Hi-Sec Auto Tracking  
  49  5:11  Orbital Command  
  49  5:12  Supply Depot  
  49  5:26  Siege Tank  
  52  5:36  Supply Depot  
  52  6:04  Building Armor  
  47  6:27  Starport Tech Lab  
  47  6:32  Starport  
  38  6:36  Siege Tank  
  38  6:38  Starport  
  42  6:45  Barracks Reactor  
  41  6:56  Supply Depot  
  41  7:02  Fusion Core  
  41  7:15  Siege Tank  
  44  7:18  Supply Depot  
  44  7:21  Marine x2  
  43  7:39  Marine x2  
  43  7:41  Starport Tech Lab  
  43  7:42  Starport Tech Lab  
  45  7:51  Supply Depot  
  45  7:53  Supply Depot  
  36  8:13  Battlecruiser x2  
  36  8:14  Battlecruiser  
  54  8:27  Siege Tank  
  57  8:37  Barracks  
  57  8:43  Supply Depot  
  57  8:59  Siege Tank  
  60  9:04  Behemoth Reactor  
  60  9:17  Battlecruiser  
  60  9:18  Battlecruiser x2  
  60  9:19  Supply Depot  
  78  9:31  Siege Tank  
  78  9:35  Command Center  
  81  9:41  Supply Depot  
  81  10:01  Weapon Refit  
  81  10:03  Siege Tank  
  90  10:28  Battlecruiser x2  
  90  10:29  Battlecruiser  
  102  11:11  Siege Tank  
  105  11:31  Planetary Fortress  
  105  11:43  Siege Tank  
  108  12:00  Refinery  
  108  12:03  Refinery  
  108  12:10  Armory  
  108  12:49  Battlecruiser  
  114  12:59  Armory  
  114  13:22  Terran Ship Weapons Level 1  
  114  13:33  Supply Depot  
  114  13:36  Supply Depot  
  114  13:50  Terran Vehicle And Ship Armor Level 1  
  114  13:54  Battlecruiser  
  120  13:58  Battlecruiser  
  120  14:01  Supply Depot  
  126  14:02  Supply Depot  
  126  14:19  Battlecruiser  
  132  14:25  Supply Depot  
  132  14:30  Supply Depot  
  132  14:59  Battlecruiser  
  138  15:02  Battlecruiser  
  144  15:23  Missile Turret, Battlecruiser  
  150  15:48  Missile Turret  
Show
View Real Time Build Order
Export as new Build Order

RedScare Zerg 

Build Orders: Hatch First 

Get SALT Encoding   

  12  0:01  Drone  
  13  0:32  Hatchery  
  12  0:39  Drone  
  12  0:40  Drone  
  14  0:58  Spawning Pool  
  14  0:59  Extractor  
  14  1:03  Drone  
  13  1:14  Overlord  
  13  1:19  Drone  
  13  1:24  Overlord  
  14  1:33  Drone  
  14  1:37  Drone  
  16  1:47  Zergling x2  
  16  1:49  Zergling x2  
  18  1:55  Zergling x2  
  18  1:58  Zergling x2  
  20  2:07  Queen  
  22  2:12  Zergling x2  
  22  2:15  Drone  
  24  2:20  Drone  
  25  2:23  Zergling x2  
  26  2:35  Roach Warren  
  25  2:38  Zergling x2  
  25  2:41  Drone  
  27  2:46  Drone  
  27  2:47  Drone  
  29  2:53  Overlord  
  30  2:58  Zergling x2  
  30  3:02  Drone  
  31  3:05  Drone  
  31  3:12  Lair  
  32  3:16  Roach  
  34  3:20  Extractor, Drone  
  34  3:22  Drone  
  34  3:25  Drone  
  36  3:27  Drone  
  36  3:32  Overlord  
  37  3:42  Roach, Queen  
  37  3:47  Roach  
  43  3:49  Drone  
  44  3:57  Roach  
  46  4:03  Evolution Chamber  
  46  4:07  Drone  
  46  4:09  Glial Reconstitution  
  46  4:12  Drone x2  
  46  4:13  Drone  
  46  4:15  Extractor  
  48  4:18  Extractor, Roach  
  48  4:19  Overseer  
  49  4:30  Zerg Ground Armor Level 1  
  50  4:31  Drone  
  50  4:37  Roach  
  52  4:39  Overlord x2  
  52  4:48  Overlord, Hydralisk Den  
  51  4:53  Spore Crawler  
  51  4:57  Roach  
  52  5:04  Drone x3  
  52  5:05  Drone  
  56  5:14  Drone x3  
  49  5:41  Roach  
  49  5:42  Roach x7  
Show
View Real Time Build Order
Export as new Build Order

Jhyrachy Zerg 

Build Orders: Hatch First 

Get SALT Encoding   

  12  0:02  Drone  
  13  0:09  Drone  
  14  0:17  Overlord  
  14  0:35  Drone  
  14  0:36  Drone  
  14  0:38  Drone  
  17  0:59  Hatchery  
  16  1:05  Drone  
  17  1:12  Drone, Extractor  
  17  1:18  Spawning Pool  
  16  1:54  Drone x3  
  19  2:10  Queen  
  19  2:12  Queen  
  23  2:29  Drone x3  
  26  2:34  Drone x2  
  26  2:36  Overlord  
  28  3:03  Drone x4  
  28  3:04  Drone  
  33  3:06  Lair  
  33  3:07  Extractor  
  33  3:11  Extractor  
  31  3:14  Extractor  
  30  3:20  Drone  
  30  3:25  Drone, Overlord  
  32  3:44  Drone x3  
  32  3:45  Drone x5  
  40  3:59  Overlord x2  
  40  4:15  Spire  
  39  4:22  Drone x2  
  39  4:23  Drone  
  39  4:24  Overlord  
  42  4:58  Overlord  
  42  5:17  Overlord  
  42  5:18  Overlord  
  42  5:29  Mutalisk x11  
  42  5:30  Mutalisk  
  64  7:23  Mutalisk  
  64  7:24  Mutalisk x13  
  90  8:02  Zerg Flyer Weapons Level 1  
  88  8:37  Overlord x3  
  86  9:05  Mutalisk x5  
  86  9:06  Mutalisk  
  94  10:35  Mutalisk x2  
  94  10:36  Mutalisk x5  
  94  10:42  Overlord x2  
  108  10:45  Zerg Flyer Weapons Level 2  
  96  12:09  Mutalisk  
  96  12:10  Mutalisk x11  
  120  13:01  Zerg Flyer Armor Level 1  
  120  13:27  Overlord x2  
  120  13:28  Overlord  
  120  14:00  Mutalisk x6  
  120  14:01  Mutalisk x2  
  136  14:39  Mutalisk x3  
  138  16:09  Mutalisk  
  138  16:10  Mutalisk x4  
Show
View Real Time Build Order
Export as new Build Order

kinesys Terran 

Build Orders: MMM Bio 

Get SALT Encoding   

  12  0:03  SCV  
  13  0:19  SCV, Supply Depot  
  14  0:27  Refinery  
  14  0:34  SCV  
  15  0:45  Barracks  
  15  0:59  Barracks  
  16  1:04  SCV  
  16  1:21  SCV  
  17  1:35  Marine  
  17  1:37  Barracks  
  18  1:45  Orbital Command  
  18  1:49  Barracks Tech Lab  
  18  1:50  Barracks  
  18  1:55  Marine  
  19  2:11  Marine  
  19  2:12  Marine  
  21  2:20  SCV  
  22  2:23  Marine  
  23  2:32  Supply Depot  
  23  2:41  Barracks Tech Lab  
  23  2:54  SCV  
  23  2:56  Supply Depot  
  23  2:58  Barracks Reactor  
  26  3:01  Marine x2  
  26  3:18  Stimpack  
  26  3:24  Refinery  
  26  3:25  Marine  
  26  3:26  Marine x2  
  29  3:36  Marine x2  
  31  3:43  Marine  
  31  3:44  Marine  
  31  3:45  Marauder, Engineering Bay  
  31  3:48  Supply Depot, SCV  
  35  3:54  Marine x2  
  39  4:10  Supply Depot, Factory  
  39  4:14  Barracks Reactor  
  38  4:19  Marine x2  
  38  4:20  Marine x2  
  42  4:30  Supply Depot  
  42  4:37  Marine x2  
  42  4:38  Marine  
  45  4:53  Missile Turret  
  45  4:59  Missile Turret  
  45  5:03  Marine x3  
  48  5:10  Combat Shields  
  48  5:23  Missile Turret  
  48  5:24  Starport  
  46  5:45  Marauder, Marine x2  
  46  5:46  Marauder  
  51  6:34  Marine x2  
  51  6:35  Marauder x2, Marine x2  
  51  6:48  Medivac  
  51  6:52  Marine x3  
  56  6:56  Marauder  
  56  6:57  Marauder  
  56  7:00  Marine  
  61  7:10  Marine x2  
  63  7:54  Command Center  
  63  8:02  Marine x2  
  63  8:03  Marine x4  
  54  8:24  Viking  
  29  8:30  Widow Mine  
  31  8:38  Marine x2  
  31  8:39  Marine x2  
  35  8:54  Viking  
  37  8:59  Widow Mine  
  37  9:02  SCV  
  40  9:12  Refinery  
  40  9:14  SCV  
  41  9:24  Viking  
  43  9:26  SCV  
  43  9:28  Widow Mine  
  46  9:38  SCV  
  43  9:45  Starport  
  43  9:50  SCV  
  42  9:54  Viking  
  44  10:09  Marine x4  
  44  10:13  Terran Infantry Armor Level 1  
  48  10:20  SCV x2  
  50  10:24  Viking  
  50  10:27  Refinery  
  52  10:32  SCV x2  
  54  10:44  SCV x2  
  54  10:49  Starport Reactor  
  56  10:54  Viking  
  56  10:55  Starport  
  56  10:56  SCV x2  
  60  11:08  SCV  
  61  11:21  Widow Mine  
  63  11:34  Starport, Viking  
  63  11:37  Armory  
  65  11:41  Medivac  
  55  11:50  Widow Mine  
  56  12:09  Orbital Command  
  56  12:18  Widow Mine  
  58  12:45  Missile Turret  
  58  12:50  Widow Mine  
  32  13:06  Viking x2  
  32  13:07  Missile Turret  
  32  13:09  Viking  
  38  13:19  Widow Mine  
  40  13:49  Command Center  
  40  14:00  Viking x2  
  44  14:28  Viking  
  46  14:47  Viking  
  48  14:55  Terran Vehicle And Ship Armor Level 1  
  48  15:06  SCV  
  50  15:10  Orbital Command  
  49  15:18  SCV  
  50  15:32  Viking x2  
  54  15:45  Starport Reactor  
  54  15:47  SCV x2  
  56  15:57  Refinery  
  56  15:59  SCV  
  56  16:00  Viking  
Show
View Real Time Build Order
Export as new Build Order

Nooby Terran 

Build Orders: MMM Bio 

Get SALT Encoding   

  12  0:02  SCV  
  13  0:14  SCV  
  14  0:26  SCV  
  15  0:29  Supply Depot  
  15  0:51  SCV  
  15  0:54  Barracks  
  16  1:03  SCV  
  17  1:06  Barracks  
  17  1:15  SCV  
  18  1:19  Barracks  
  18  1:24  Refinery  
  18  1:27  SCV  
  19  1:41  SCV  
  19  1:45  Marine  
  21  1:53  Supply Depot  
  21  1:54  Marine  
  21  2:00  Orbital Command  
  22  2:08  Marine  
  22  2:12  Barracks Tech Lab  
  22  2:14  Marine  
  24  2:17  Refinery  
  24  2:27  SCV  
  24  2:28  Barracks  
  25  2:31  Marine  
  25  2:35  Marine x2  
  28  2:45  Stimpack  
  28  2:49  Marine  
  28  2:50  SCV  
  30  3:00  Marine  
  30  3:05  Barracks Reactor  
  31  3:17  Supply Depot  
  31  3:21  Barracks Reactor  
  31  3:27  Barracks Reactor  
  31  3:37  Supply Depot  
  31  3:39  Marauder  
  33  3:43  Marine  
  33  3:44  Marine  
  35  4:00  Marauder  
  35  4:01  Marine x2  
  35  4:02  Engineering Bay  
  39  4:08  Marine x4  
  43  4:19  Marine x2  
  45  4:25  Marine  
  45  4:26  Marine x3  
  49  4:37  Marine x2  
  51  4:40  Terran Infantry Weapons Level 1  
  51  4:43  Marine x2  
  51  4:45  Combat Shields  
  53  4:52  Missile Turret  
  53  4:54  Marauder  
  50  6:04  Concussive Shells  
  49  6:22  Marine x5  
  49  6:23  Marine  
  55  6:40  Marine x6  
  55  6:42  Missile Turret, Marine  
  61  6:48  Missile Turret  
  61  6:57  Marine  
  61  6:58  Marine x3  
  61  6:59  Marine  
  63  7:27  Marine x3  
  63  7:29  Marine x3  
  63  7:30  Marine  
  41  7:44  Marine  
  41  7:46  Marine  
  39  7:57  Marine x5  
  39  8:02  Marine  
  39  8:04  Marine  
  41  8:14  Marine x2  
  41  8:15  Marine x3  
  46  8:20  Marine  
  46  8:22  Marine  
  48  8:28  Missile Turret  
  48  8:31  Missile Turret  
  48  8:32  Marine x3  
  48  8:33  Marine x2  
  53  8:38  Marine  
  54  9:35  Marine x3  
  54  9:36  Marine x3  
  60  9:43  Marine  
  61  9:53  Marine x2  
  63  10:34  Marine  
  63  10:36  Marine  
  63  10:40  Marine x2  
  63  10:44  Marine  
  63  11:47  Marine x7  
  70  12:05  Marine  
  71  12:40  Marine  
  71  12:47  Marine x3  
  71  12:48  Marine x2  
  52  12:57  Marine  
  34  12:58  Marine  
  34  13:05  Marine x5  
  38  13:10  Orbital Command  
  40  13:15  Marine  
  40  13:16  Marine  
  42  13:23  Marine x4  
  46  13:33  Marine  
  46  13:34  Marine  
  47  13:41  Marine x4  
  52  13:50  Marine  
  52  13:51  Refinery  
  52  13:52  Marine  
  54  14:03  Missile Turret  
  54  14:06  Missile Turret  
  54  14:11  Missile Turret  
  54  14:14  Missile Turret  
  54  14:26  Factory  
  54  14:27  Marine x4  
  54  14:28  Marine x2  
  60  14:45  Marine x5  
  62  14:46  Marine  
  66  15:02  Marine  
  67  15:08  Refinery  
  67  15:13  Armory  
  67  15:15  Widow Mine  
  69  15:30  Engineering Bay  
  69  15:33  SCV  
  70  15:45  SCV  
  71  16:29  SCV  
  71  16:30  Widow Mine  
Show
View Real Time Build Order
Export as new Build Order

Fryk Protoss 

Build Orders:  

Get SALT Encoding   

  12  0:01  Probe (Chrono Boost)  
  13  0:11  Probe (Chrono Boost)  
  14  0:19  Pylon  
  14  0:22  Probe (Chrono Boost)  
  15  0:37  Forge  
  15  0:40  Probe (Chrono Boost)  
  16  0:50  Probe (Chrono Boost)  
  17  0:59  Pylon  
  17  1:01  Pylon  
  16  1:22  Photon Cannon  
  16  1:23  Photon Cannon  
  16  1:52  Gateway  
  16  1:53  Probe (Chrono Boost)  
  16  1:54  Assimilator  
  17  1:59  Assimilator  
  17  2:04  Probe (Chrono Boost)  
  18  2:13  Gateway  
  18  2:18  Probe (Chrono Boost)  
  18  2:19  Gateway  
  19  2:24  Pylon  
  19  2:27  Gateway  
  18  2:42  Cybernetics Core  
  18  2:52  Probe (Chrono Boost)  
  19  3:02  Probe (Chrono Boost)  
  20  3:13  Probe (Chrono Boost)  
  21  3:22  Warp Gate  
  21  3:23  Probe (Chrono Boost)  
  22  3:33  Stargate  
  22  3:41  Stalker  
  24  3:49  Probe (Chrono Boost)  
  24  3:51  Stalker  
  27  3:56  Nexus  
  27  4:00  Stalker  
  29  4:07  Pylon  
  29  4:12  Stalker  
  31  4:24  Pylon  
  31  4:27  Stalker  
  33  4:48  Robotics Facility  
  33  4:49  Stalker  
  35  4:58  Stalker  
  37  5:05  Stalker  
  39  5:15  Probe (Chrono Boost)  
  41  5:25  Mothership Core (Chrono Boost)  
  41  5:26  Probe (Chrono Boost)  
  43  5:36  Probe (Chrono Boost)  
  44  5:47  Probe (Chrono Boost)  
  45  5:57  Probe (Chrono Boost)  
  45  5:58  Stalker x2  
  45  5:59  Stalker  
  45  6:02  Probe (Chrono Boost)  
  53  6:08  Probe (Chrono Boost)  
  54  6:12  Probe (Chrono Boost)  
  56  6:18  Probe (Chrono Boost)  
  56  6:23  Probe (Chrono Boost)  
  43  6:33  Probe (Chrono Boost)  
  43  6:36  Stalker x2  
  43  6:37  Stalker  
  50  6:42  Stalker  
  52  6:49  Phoenix  
  50  7:43  Assimilator  
  50  7:47  Assimilator  
  50  7:52  Nexus  
  50  7:55  Phoenix  
  52  8:00  Probe (Chrono Boost)  
  53  8:08  Stargate  
  53  8:09  Warp Prism  
  55  8:14  Pylon  
  55  8:17  Stargate  
  55  8:20  Fleet Beacon  
  55  8:28  Phoenix  
  57  8:52  Phoenix  
  59  8:56  Immortal  
  59  9:00  Probe (Chrono Boost)  
  64  9:06  Probe (Chrono Boost)  
  64  9:08  Assimilator  
  65  9:10  Probe (Chrono Boost)  
  65  9:11  Probe (Chrono Boost)  
  65  9:13  Assimilator  
  65  9:16  Probe (Chrono Boost)  
  68  9:21  Probe (Chrono Boost)  
  68  9:22  Probe (Chrono Boost)  
  70  9:27  Probe (Chrono Boost)  
  71  9:32  Probe (Chrono Boost)  
  71  9:33  Phoenix  
  71  9:35  Immortal  
  71  9:37  Probe (Chrono Boost)  
  79  9:43  Probe (Chrono Boost)  
  84  9:48  Probe (Chrono Boost), Tempest  
  85  10:01  Pylon  
  85  10:12  Pylon  
  85  10:19  Probe x3 (Chrono Boost)  
  86  10:30  Probe x2 (Chrono Boost)  
  86  10:33  Phoenix x2  
  86  10:34  Tempest  
  96  10:40  Probe (Chrono Boost)  
  97  10:55  Probe (Chrono Boost)  
  98  10:57  Probe (Chrono Boost)  
  98  11:01  Pylon  
  99  11:04  Pylon  
  99  11:05  Probe (Chrono Boost)  
  99  11:08  Probe (Chrono Boost)  
  101  11:19  Probe x2 (Chrono Boost)  
  101  11:25  Phoenix x2  
  95  11:26  Phoenix  
  95  11:30  Probe (Chrono Boost)  
  100  11:37  Stargate  
  100  11:39  Stargate  
  100  11:40  Probe (Chrono Boost)  
  101  11:50  Tempest x3  
  109  12:11  Anion Pulse-Crystals  
  115  12:32  Pylon  
  115  12:34  Probe (Chrono Boost), Pylon  
  115  12:37  Pylon  
  116  12:39  Probe (Chrono Boost)  
  117  12:50  Probe x2 (Chrono Boost)  
  123  12:53  Tempest (Chrono Boost)  
  123  12:57  Protoss Air Weapons Level 1  
  123  13:11  Tempest x2 (Chrono Boost), Pylon  
  123  13:12  Tempest x2 (Chrono Boost)  
  139  13:18  Protoss Shields Level 1  
  139  13:27  Twilight Council  
  139  13:37  Nexus  
  139  13:39  Observer  
  139  13:41  Pylon  
  144  13:42  Pylon  
  144  13:47  Tempest (Chrono Boost)  
  144  14:14  Phoenix x4 (Chrono Boost)  
  158  14:36  Protoss Air Armor Level 1  
  158  14:40  Photon Cannon, Carrier (Chrono Boost)  
  158  14:42  Photon Cannon  
  158  14:44  Photon Cannon  
  158  14:47  Photon Cannon  
  158  14:51  Photon Cannon  
  158  15:02  Assimilator  
  158  15:05  Assimilator  
  158  15:13  Graviton Catapult  
  170  15:27  Carrier (Chrono Boost)  
  170  15:28  Carrier (Chrono Boost)  
  170  15:45  Cybernetics Core  
  170  15:48  Observer  
  171  15:57  Robotics Bay  
  171  16:07  Pylon  
  171  16:08  Pylon  
  171  16:09  Observer  
Show
View Real Time Build Order
Export as new Build Order

Drako Terran 

Build Orders: MMM Bio 

Get SALT Encoding   

  12  0:01  SCV  
  13  0:14  SCV  
  14  0:26  SCV, Supply Depot  
  15  0:47  SCV  
  16  0:51  Barracks  
  16  0:59  SCV  
  17  1:11  SCV  
  18  1:33  SCV  
  19  1:42  Supply Depot  
  19  1:43  Marine  
  19  1:45  SCV, Barracks  
  21  1:53  Refinery  
  21  1:57  SCV  
  21  2:01  Marine  
  23  2:09  SCV  
  23  2:14  Command Center  
  24  2:27  Refinery  
  24  2:28  SCV  
  25  2:32  Marine  
  26  2:40  SCV  
  26  2:42  Barracks Reactor  
  27  2:46  Barracks  
  27  2:50  Marine  
  28  2:52  SCV  
  28  2:56  Engineering Bay  
  29  3:08  Marine  
  29  3:11  Orbital Command  
  30  3:29  Supply Depot  
  30  3:30  Orbital Command  
  30  3:31  Missile Turret  
  30  3:33  Refinery  
  30  3:40  Marine x2  
  32  3:42  Barracks Reactor  
  32  3:49  Barracks Tech Lab  
  32  3:56  Missile Turret  
  32  4:06  Marine  
  32  4:07  Marine, Barracks  
  34  4:18  SCV  
  34  4:22  Missile Turret  
  35  4:25  Terran Infantry Weapons Level 1  
  35  4:27  Marine x2  
  35  4:28  Marine  
  35  4:30  SCV  
  39  4:34  SCV  
  40  4:40  Stimpack  
  40  4:46  SCV  
  40  4:48  Missile Turret  
  40  4:50  Marine x2  
  40  4:51  Marine  
  40  4:52  Marine  
  45  4:54  Marauder  
  45  4:56  Barracks Reactor  
  47  5:02  Barracks  
  47  5:09  Marine x2, Supply Depot  
  47  5:13  Supply Depot  
  49  5:17  SCV  
  49  5:20  Supply Depot  
  50  5:23  SCV  
  50  5:25  Marine x2  
  50  5:27  Marine  
  54  5:30  Marine  
  54  5:31  Marauder  
  57  5:45  Marine  
  57  5:48  Marine  
  59  5:55  Barracks Reactor  
  59  6:00  Marauder, Marine x4  
  59  6:03  Marine  
  66  6:06  Marine  
  67  6:12  Supply Depot x2  
  67  6:14  Supply Depot  
  67  6:17  Marine, Supply Depot  
  68  6:21  Marauder  
  70  6:30  Refinery, Marine x2  
  70  6:31  Marine  
  70  6:32  Marine  
  74  6:34  Marine  
  75  6:43  Marauder  
  77  6:49  Missile Turret  
  77  6:51  Missile Turret  
  77  6:53  Missile Turret  
  77  6:56  Missile Turret  
  77  7:03  Terran Infantry Armor Level 1  
  77  7:05  Marine  
  77  7:06  Marauder, Marine x2  
  77  7:07  Marine  
  83  7:08  Marine  
  83  7:12  SCV  
  85  7:27  Marauder  
  87  7:47  Marine x2  
  87  7:48  Marauder, Marine x5  
  96  7:54  Missile Turret  
  96  8:05  Marine x3  
  96  8:06  Marine  
  96  8:10  Marauder  
  102  8:27  Marine x4  
  102  8:28  Marine x3  
  109  8:45  Marine  
  110  9:06  Supply Depot  
  110  9:08  Barracks Reactor  
  110  9:14  Marine x6  
  110  9:15  Marauder  
  118  9:23  Factory  
  118  9:30  Supply Depot  
  118  9:36  Marauder  
  115  9:52  Marine x5  
  117  9:53  Marine x3, Supply Depot  
  117  9:54  Combat Shields  
  117  9:57  Marauder  
  125  10:05  Command Center  
  125  10:10  Marine x2  
  125  10:11  Starport  
  127  10:17  Starport  
  127  10:19  Marauder  
  129  10:30  Missile Turret  
  129  10:51  Missile Turret  
  129  10:55  Marauder, Marine x2  
  129  10:56  Marine x5  
  129  10:57  Marine  
  138  11:01  Starport Reactor  
  139  11:07  Starport Reactor  
  139  11:12  Missile Turret  
  139  11:13  Marine x2  
  139  11:14  Marine  
  139  11:17  Marauder, Marine x3  
  147  11:22  Liberator  
  147  11:24  Orbital Command  
  147  11:28  Concussive Shells, Liberator  
  147  11:34  Missile Turret  
  147  11:38  Armory  
  147  11:39  Marauder  
  155  12:00  Marauder  
  157  12:04  Supply Depot  
  157  12:09  Liberator  
  157  12:17  Marine x4  
  157  12:18  Marine x4  
  165  12:26  Marauder  
  165  12:27  Supply Depot  
  165  12:29  Medivac  
  172  12:35  Marine  
  173  12:48  Marauder, Marine  
  176  13:00  Medivac x2  
  176  13:03  Terran Infantry Weapons Level 2  
  180  13:07  Engineering Bay  
  180  13:10  Supply Depot  
  180  13:32  Medivac x4  
  188  13:35  Supply Depot  
  188  13:39  Terran Infantry Armor Level 2  
  188  13:57  Marauder  
  188  13:58  Refinery  
  188  14:02  Medivac x2  
  194  14:04  Marine x3  
  197  14:22  Missile Turret  
  197  14:46  Missile Turret  
  197  15:09  Supply Depot  
  197  15:30  Marine x3  
  200  16:18  Marauder  
  200  16:26  Marine x2  
  200  16:27  Marine x2  
  200  16:28  Marine  
  148  16:44  Marine  
  148  16:45  Marine  
Tags
 
Add a new tag
Caveats
  • Supply blocks, unpowered buildings, or Contaminate may cause inaccurate times.
  • Supply counts are checked every 10 seconds.